 Dungeon Crawl Stone Soup version 0.28-b1-70-g80dc712255 (webtiles) character file.

Game seed: 3347601522829104151

58 vvl the Stinger (level 3, -1/26 HPs)
             Began as a Demonspawn Venom Mage on Feb 3, 2022.
             Killed from afar by Ijyb (6 damage)
             ... with a puff of flame
             ... on level 3 of the Dungeon.
             The game lasted 00:03:40 (2686 turns).

vvl the Stinger (Demonspawn Venom Mage)             Turns: 2686, Time: 00:03:40

Health: -1/26      AC:  2    Str:  8    XL:     3   Next: 76%
Magic:  6/6        EV: 12    Int: 18    God:
Gold:   24         SH:  0    Dex: 13    Spells: 5/6 levels left

rFire   . . .      SeeInvis .   j - +1 short sword (venom)
rCold   . . .      Faith    .   (no shield)
rNeg    . . .      Spirit   .   a - +0 robe
rPois   .          Reflect  .   (no helmet)
rElec   .          Harm     .   (no cloak)
rCorr   .          Rampage  .   (no gloves)
Will    .....                   (no boots)
Stlth   ++........              (no amulet)
HPRegen 0.08/turn               (no ring)
MPRegen 0.10/turn               (no ring)

@: no status effects
A: demonic guardian 1
a: no special abilities


You were on level 3 of the Dungeon.
You visited 1 branch of the dungeon, and saw 3 of its levels.

You collected 24 gold pieces.

Inventory:

Hand Weapons
 c - a +0 flail
 j - a +1 short sword of venom (weapon)
Armour
 a - a +0 robe (worn)
Scrolls
 b - a scroll of fear {unknown}
 e - 3 scrolls of identify {unknown}
 f - 2 scrolls of enchant armour {unknown}
 l - a scroll of noise {unknown}
Potions
 d - a potion of might {unknown}
 g - a potion of haste {unknown}
 h - a potion of invisibility {unknown}
 i - a potion of curing {unknown}
 k - a potion of brilliance {unknown}


   Skills:
 + Level 1.0 Fighting
 + Level 2.1 Dodging
 - Level 2.0 Stealth
 + Level 2.3 Spellcasting
 + Level 1.5 Transmutations
 * Level 3.7 Poison Magic


You had 5 spell levels left.
You knew the following spells:

 Your Spells              Type           Power      Damage    Failure   Level
a - Sting                 Tmut/Pois      44%        1d5       6%          1

Your spell library contained the following spells:

 Spells                   Type           Power      Damage    Failure   Level
 Poisonous Vapours        Pois/Air       16%        N/A       12%         2
 Mephitic Cloud           Conj/Pois/Air  6%         N/A       32%         3
 Olgreb's Toxic Radiance  Pois           15%        N/A       36%         4


Dungeon Overview and Level Annotations

Branches:
Dungeon (3/15)

Altars:

Annotations:
D:3 Ijyb


Innate Abilities, Weirdness & Mutations

A weak demonic guardian rushes to your aid.


Message History

The goblin barely misses you.
You closely miss the goblin. The goblin hits you with a +0 club.
You closely miss the goblin. The goblin hits you with a +0 club.
You barely miss the goblin.
The goblin is moderately wounded.
The goblin misses you.
You hit the goblin.
You kill the goblin!
A goblin comes into view. It is wielding a +0 club.
The giant cockroach barely misses you.
Your Fighting skill increases to level 1!
You barely miss the giant cockroach. The giant cockroach closely misses you.
You hit the giant cockroach.
You kill the giant cockroach!
You see here a +0 club.
Ijyb and a goblin come into view.
Ijyb is wielding a +0 dagger, wearing a +1 leather armour of poison resistance and carrying a wand of flame (20).
The goblin shouts!
The goblin hits you but does no damage.
The goblin moves out of view.
You hit the goblin but do no damage.
The goblin is poisoned.
Ijyb screams, "I cut your head off!" The goblin hits you with a +0 club.
You hit the goblin.
You kill the goblin!
You closely miss Ijyb. You punch Ijyb.
Ijyb is lightly wounded.
A goblin comes into view. It is wielding a +0 club.
Ijyb grins evilly.
Ijyb zaps a wand.
The puff of flame hits you!
* * * LOW HITPOINT WARNING * * *
A demonic guardian appears!
You see here a +0 club.
You swap places.
Ijyb closely misses your white imp.
Your white imp misses Ijyb.
Ijyb misses your white imp.
Your white imp closely misses Ijyb.
You see here a hobgoblin corpse.
Ijyb zaps a wand.
The puff of flame misses your white imp.
The puff of flame hits you.
You die...

.......................
#######....###...######
#....# ##..# .....#
#...# #....# #...#
#....# #...# .....#
###.# #.# #@# #†# #.#
#5# #g# .......g..g....
.......#g...... .......
.>..### ....... ###.#


You could see Ijyb (ally target), 2 goblins and a friendly white imp (summoned).

Vanquished Creatures
  An adder (D:3)
  A worm (D:2)
  3 dart slugs
  3 endoplasms
  4 giant cockroaches
  4 goblins
  2 hobgoblins (D:3)
  3 kobolds
  6 ball pythons
  3 bats
  2 frilled lizards (D:1)
  4 rats
36 creatures vanquished.

Vanquished Creatures (collateral kills)
  A giant cockroach (D:3)
  A quokka (D:1)
  A bat (D:1)
3 creatures vanquished.

Grand Total: 39 creatures vanquished

Notes
Turn   | Place    | Note
-------+----------+-------------------------------------------
     0 | D:1      | vvl the Demonspawn Venom Mage began the quest for the Orb.
     0 | D:1      | Reached XP level 1. HP: 13/13 MP: 3/3
   103 | D:1      | Reached skill level 1 in Transmutations
   292 | D:1      | Gained mutation: A weak demonic guardian rushes to your
                  | aid. [demonic ancestry]
   292 | D:1      | Reached XP level 2. HP: 19/19 MP: 1/5
   582 | D:1      | Found a faded altar of an unknown god.
  1739 | D:2      | Reached XP level 3. HP: 24/25 MP: 4/6
  2676 | D:3      | Reached skill level 1 in Fighting
  2679 | D:3      | Noticed Ijyb
  2686 | D:3      | Killed from afar by Ijyb

Illustrated notes

Levels and vault maps discovered:
D:1:      evilmike_arrival_rings, layout_basic,
          hellmonk_ecumenical_altar_pennies_from_heaven
D:2:      layout_basic
D:3:      kennysheep_the_goblin_king, layout_basic, lemuel_doored_altar,
          uniq_crazy_yiuf_cottage

Skill      XL: |  1  2  3 |
---------------+----------+-----
Transmutations | 1 |  1.5
Stealth        | 2 |  2.0
Dodging        | 2 |  2.1
Fighting       | 1 |  1.0
Spellcasting   | |  2.3
Poison Magic   | |  3.7

Action                   || total
-------------------------++-------
Melee: Unarmed           ||    13
       Flail             ||    38
       Short sword       ||    23
       Punch             ||     1
 Cast: Sting             ||    53
 Stab: Sleeping          ||     2
Armor: Robe              ||    32
Dodge: Dodged            ||    69
